 Dungeon Crawl Stone Soup version 0.30-a0-824-g6c64550be9 (webtiles) character file.

Game seed: 6699004705262859392

110472 crusatyr the Peltast (level 16, -3/150 HPs)
             Began as a Minotaur Berserker on Feb 25, 2023.
             Was a High Priest of Trog.
             Slain by a radroach (4 damage)
             ... on level 2 of the Spider Nest on Feb 28, 2023.
             The game lasted 01:21:15 (27679 turns).

crusatyr the Peltast (Minotaur Berserker)          Turns: 27679, Time: 01:21:16

Health: -3/150     AC: 18    Str: 22    XL:     16   Next: 7%
Magic:  24/24      EV:  8    Int:  4    God:    Trog [*****.]
Gold:   358        SH:  0    Dex: 18    Spells: 15/15 levels left

rFire   + . .      SeeInvis .    y - +2 demon trident (vamp)
rCold   . . .      Faith    .    O - +0 tower shield
rNeg    + . .      Spirit   .    I - +1 ring mail {rPois}
rPois   +          Reflect  .    Y - +2 hat
rElec   .          Harm     .    t - +2 cloak {rCorr}
rCorr   +          Rampage  .    F - +0 pair of gloves
Will    ++...                    C - +0 pair of boots
Stlth   +                        s - amulet "Plog" {Acrobat rN+ MP+9}
HPRegen 0.45/turn                E - ring of willpower
MPRegen 0.19/turn                x - ring of protection from fire

@: on fire, spiked, held, slowed, glowing, very slow
A: horns 2, retaliatory headbutt
a: Renounce Religion, Berserk, Trog's Hand, Brothers in Arms


You were on level 2 of the Spider Nest.
You worshipped Trog.
Trog was extremely pleased with you.
You visited 4 branches of the dungeon, and saw 24 of its levels.
You visited the Abyss 1 time.

You collected 2346 gold pieces.
You spent 1988 gold pieces at shops.

Inventory:

Hand Weapons
 y - a +2 vampiric demon trident (weapon)
Armour
 t - a +2 cloak of preservation (worn)
 C - a +0 pair of boots (worn)
 F - a +0 pair of gloves (worn)
 I - a +1 ring mail of poison resistance (worn)
 O - a +0 tower shield (worn)
 T - a +0 ring mail of cold resistance
 U - the +5 ring mail "Sobiti Fonu" {rElec Dex+3}
   (You acquired it on level 15 of the Dungeon)

   Dex:       It affects your dexterity (+3).
   rElec:     It insulates you from electricity.
 Y - a +2 hat (worn)
Jewellery
 a - a +4 ring of protection
 s - the amulet "Plog" (around neck) {Acrobat rN+ MP+9}
   (You found it on level 3 of the Lair of Beasts)

   [amulet of the acrobat]

   It increases your evasion while moving and waiting.
   rN:        It protects you from negative energy.
   MP:        It affects your magic capacity (+9).
 w - a +6 ring of strength
 x - a ring of protection from fire (right hand)
 E - a ring of willpower (left hand)
 H - a ring of protection from cold
 R - a +4 ring of protection
Wands
 b - a wand of paralysis (38)
 d - a wand of acid (3)
 z - a wand of mindburst (3)
 A - a wand of polymorph (6)
 J - a wand of iceblast (16)
 K - a wand of digging (8)
 X - a wand of flame (40)
Scrolls
 c - 5 scrolls of fear
 f - 4 scrolls of enchant armour
 h - 4 scrolls of blinking
 l - 5 scrolls of fog
 n - a scroll of summoning
 r - a scroll of torment
 v - 4 scrolls of noise
 D - 7 scrolls of poison
 G - 2 scrolls of immolation
 N - 6 scrolls of teleportation
 P - 3 scrolls of vulnerability
 V - 4 scrolls of brand weapon
 W - 4 scrolls of magic mapping
 Z - a scroll of silence
Potions
 e - 8 potions of curing
 g - 5 potions of cancellation
 i - 3 potions of magic
 j - 5 potions of attraction
 k - 2 potions of invisibility
 m - 6 potions of mutation
 p - 7 potions of ambrosia
 q - 3 potions of lignification
 u - 8 potions of flight
 B - 3 potions of heal wounds
 L - 2 potions of resistance
 M - 6 potions of might
 Q - 4 potions of haste
Miscellaneous
 o - a phial of floods
 S - a condenser vane


   Skills:
 + Level 15.7 Fighting
 - Level 13.0(14.7) Axes
 - Level 11.4(14.0) Polearms
 + Level 16.2 Armour
 + Level 10.5 Dodging
 + Level 16.7 Shields
 - Level 6.0 Evocations


You had 15 spell levels left.
You didn't know any spells.
Your spell library was empty.

Dungeon Overview and Level Annotations

Branches:
Dungeon (15/15)            Temple (0/1) D:5            Lair (5/5) D:8
 Shoals (0/4) Lair:2       Spider (2/4) Lair:2        Slime (0/5) Lair:5
    Orc (2/2) D:9             Elf (0/3) Orc:2        Vaults (0/5) D:13
 Depths (0/4) D:15

Altars:
Kikubaaqudgha
Makhleb
Okawaru
Vehumet
Lugonu

Shops:
D:1 *   D:11 (   D:13 [   D:14 [*[?(   Orc:1 [   Orc:2 *:=*

Portals:
Abyss: Spider:1


Innate Abilities, Weirdness & Mutations

You have a pair of horns on your head.
You reflexively headbutt those who attack you in melee.


Message History

The culicivora closely misses you. The wolf spider barely misses you.
The wolf spider bites you but does no damage.
The tarantella touches you.
* * * LOW HITPOINT WARNING * * *
You are confused.
The emperor scorpion stings you but does no damage.
The emperor scorpion claws you but does no damage. x2
The sun moth bites you but does no damage.
The jumping spider leaps!
The tarantella touches you.
* * * LOW HITPOINT WARNING * * *
The culicivora bites you but does no damage.
Your troll bites the sun moth.
Your troll claws the sun moth! x2
The tarantella touches you.
* * * LOW HITPOINT WARNING * * *
You are more confused.
The jumping spider barely misses your troll. x2
You are too confused!
You feel better.
You are covered in liquid flames!
* * * LOW HITPOINT WARNING * * *
The jumping spider pounces on you.
* * * LOW HITPOINT WARNING * * *
You are even more entangled.
The jumping spider bites you but does no damage.
The tarantella touches you but does no damage.
The tarantella touches you.
* * * LOW HITPOINT WARNING * * *
The emperor scorpion stings you but does no damage.
The emperor scorpion claws you but does no damage. x2
The sun moth bites you but does no damage.
The steelbarb worm hits you!
* * * LOW HITPOINT WARNING * * *
Barbed spikes become lodged in your body.
The jumping spider barely misses you. You furiously retaliate!
You headbutt the jumping spider, but do no damage.
The jumping spider barely misses you.
Your troll closely misses the sun moth.
Your troll claws the sun moth! x2; The radroach bites you.
* * * LOW HITPOINT WARNING * * *
The radroach claws you.
You die...

?...........#
#....$....w.#
#..........####
#......<^......
#.........#####
####.s..#s#
#....s##
####..wBs##
#.^^=.s@s.#
......sys.#
......[sT..#
.....w..s.##
..........#
..........#
..........#
..........#


You could see an emperor scorpion, a sun moth (ally target), a radroach, a
steelbarb worm, 2 torpor snails, 2 wolf spiders, an orb spider (charged), a
culicivora, 3 jumping spiders, 2 tarantellas and a friendly troll (summoned,
berserk, slow).

Vanquished Creatures
  Jorgrun (D:13)
  Frances (D:14)
  A very ugly thing (D:15)
  Snorg (D:12)
  An ettin (Orc:1)
  An entropy weaver (Spider:1)
  2 rakshasas (D:15)
  8 vault guards (D:13)
  A great orb of eyes (D:15)
  A jorogumo (Spider:1)
  An ogre mage (D:15)
  7 centaur warriors
  Erolcha (D:10)
  3 radroaches (Spider:1)
  4 hydras
  3 catoblepae
  6 death yaks (Lair:4)
  Urug (Lair:3)
  6 boulder beetles
  8 two-headed ogres
  A skyshark (Lair:5)
  A sun moth (Spider:1)
  A fire crab (shapeshifter) (D:15)
  A fire crab (Lair:5)
  5 skeletal warriors (D:13)
  2 pharaoh ants (Spider:1)
  Pikel (D:5)
  6 deep elf pyromancers
  4 orc knights
  2 oklob plants
  14 ugly things
  3 orc sorcerers
  5 manticores
  A moth of wrath (Spider:1)
  2 cyclopes
  4 wolf spiders (Spider:1)
  Joseph (D:9)
  A manticore (shapeshifter) (D:15)
  3 elephants (Lair:5)
  2 black mambas
  Maurice (D:8)
  A torpor snail (Spider:1)
  3 merfolk sirens (Lair:2)
  Maggie (D:9)
  A smoke demon (D:10)
  2 demonic crawlers (Spider:1)
  3 orange demons (D:15)
  9 cane toads
  A gargoyle (D:11)
  3 rime drakes (Lair:3)
  3 kobold demonologists (D:10)
  11 komodo dragons
  5 trolls
  6 polar bears
  A red devil (Abyss:1)
  A queen bee (Lair:1)
  3 meliai (D:14)
  5 hornets (Lair:5)
  5 tarantellas (Spider:1)
  A raiju (shapeshifter) (D:15)
  13 blink frogs
  2 dream sheep
  15 jumping spiders (Spider:1)
  19 slime creatures
  10 spriggans (Lair:5)
  5 wraiths
  A centaur simulacrum (D:14)
  8 culicivoras (Spider:1)
  27 yaks
  2 wyverns
  4 basilisks
  16 redbacks
  3 steam dragons
  Edmund (D:6)
  10 water moccasins
  2 acid dragons
  29 orc warriors
  3 sky beasts
  9 black bears
  A black bear (shapeshifter) (D:13)
  8 ogres
  29 wolves
  4 boggarts (Lair:5)
  19 centaurs
  A lemure (D:5)
  5 kobold brigands
  8 bullfrogs
  2 gnoll sergeants
  A necrophage (D:5)
  7 scorpions
  29 killer bees
  3 howler monkeys
  6 electric eels
  6 hounds
  2 jellies
  7 orc priests
  An iguana (D:7)
  10 orc wizards
  7 hell rats (Lair:5)
  Natasha (thrice) (D:3)
  16 gnolls
  6 adders
  An ufetubus (D:6)
  A worm (D:5)
  2 dart slugs
  62 orcs
  8 ball pythons
  7 endoplasms
  3 giant cockroaches (D:2)
  10 goblins
  5 hobgoblins
  2 jackals (D:3)
  7 quokkas
  6 bats
  3 frilled lizards (D:1)
  19 kobolds
  A rat (D:2)
  A lurking horror (Spider:1)
682 creatures vanquished.

Vanquished Creatures (others)
  26 fungi
  43 plants
  5 toadstools (D:1)
74 creatures vanquished.

Grand Total: 756 creatures vanquished

Notes
Turn   | Place    | Note
-------+----------+-------------------------------------------
     0 | D:1      | crusatyr the Minotaur Berserker began the quest for the
                  | Orb.
     0 | D:1      | Reached XP level 1. HP: 19/19 MP: 0/0
    77 | D:1      | Found Imelout's General Store.
   237 | D:1      | Reached XP level 2. HP: 23/27 MP: 1/1
   940 | D:2      | Reached XP level 3. HP: 34/34 MP: 2/2
  1322 | D:2      | Reached ** piety under Trog
  1755 | D:3      | Noticed Natasha
  1765 | D:3      | Killed Natasha
  1766 | D:3      | Reached skill level 5 in Fighting
  1766 | D:3      | Reached XP level 4. HP: 42/42 MP: 3/3
  1875 | D:3      | Reached skill level 5 in Axes
  1986 | D:3      | Reached XP level 5. HP: 30/48 MP: 4/4
  2067 | D:3      | Noticed Natasha
  2079 | D:3      | Killed Natasha
  2172 | D:3      | Noticed Natasha
  2176 | D:3      | Killed Natasha
  2180 | D:3      | Found a radiant altar of Vehumet.
  2444 | D:4      | Noticed an ogre
  2453 | D:4      | Killed an ogre
  2454 | D:4      | Reached XP level 6. HP: 58/58 MP: 5/5
  2788 | D:4      | Found Ileloiwna's Distillery.
  3431 | D:5      | Entered Level 5 of the Dungeon
  3468 | D:5      | Reached XP level 7. HP: 64/66 MP: 6/6
  3539 | D:5      | Noticed Pikel
  3553 | D:5      | Killed Pikel
  3554 | D:5      | Reached XP level 8. HP: 75/75 MP: 5/7
  3649 | D:5      | Found a staircase to the Ecumenical Temple.
  3673 | D:5      | Found an ancient bone altar of Kikubaaqudgha.
  4011 | D:5      | Reached *** piety under Trog
  4737 | D:6      | Noticed Edmund
  4743 | D:6      | Killed Edmund
  4744 | D:6      | Reached skill level 10 in Fighting
  4744 | D:6      | Reached skill level 10 in Axes
  5465 | D:6      | Found an iron altar of Okawaru.
  5606 | D:7      | Identified the +0 ring mail of the Mind {Regen+}
  5695 | D:7      | Reached XP level 9. HP: 80/86 MP: 5/8
  6248 | D:8      | Upgraded the game from 0.30-a0-802-gb92711bcdf to
                  | 0.30-a0-808-g6e0788376e
  6558 | D:8      | Reached skill level 1 in Shields
  6558 | D:8      | Reached skill level 1 in Evocations
  6560 | D:8      | Reached skill level 5 in Armour
  6593 | D:8      | Found a staircase to the Lair.
  6792 | D:8      | Noticed Maurice
  6816 | D:8      | Killed Maurice
  7694 | D:9      | Reached XP level 10. HP: 73/94 MP: 3/9
  8087 | D:9      | Reached skill level 5 in Shields
  8494 | D:9      | Noticed Joseph
  8508 | D:9      | Killed Joseph
  8594 | D:9      | Noticed Maggie
  8602 | D:9      | Killed Maggie
  8869 | D:9      | Reached **** piety under Trog
  8911 | D:9      | Found a staircase to the Orcish Mines.
  9034 | D:10     | Entered Level 10 of the Dungeon
  9169 | D:10     | Noticed a sixfirhy
  9172 | D:10     | Noticed a smoke demon
  9408 | D:10     | Reached skill level 5 in Evocations
  9471 | D:10     | Noticed a two-headed ogre
  9503 | D:10     | Killed a two-headed ogre
  9504 | D:10     | Reached XP level 11. HP: 101/101 MP: 10/10
 10144 | D:10     | Noticed Erolcha
 10145 | Abyss:1  | Cast into level 1 of the Abyss (Erolcha)
 10204 | D:10     | Escaped the Abyss
 10219 | D:10     | Killed Erolcha
 10581 | Lair:1   | Entered Level 1 of the Lair of Beasts
 10605 | Lair:1   | Reached skill level 1 in Polearms
 11505 | Lair:1   | Reached skill level 5 in Polearms
 11702 | Lair:1   | Reached skill level 10 in Armour
 12386 | Lair:2   | Reached XP level 12. HP: 78/108 MP: 11/11
 12956 | Lair:2   | Found a hole to the Spider Nest.
 12989 | Lair:2   | Found a staircase to the Shoals.
 13626 | Lair:3   | Reached ***** piety under Trog
 13839 | Lair:3   | Identified the amulet "Plog" {Acrobat rN+ MP+9}
 13979 | Lair:3   | Noticed Urug
 14022 | Lair:3   | Killed Urug
 14023 | Lair:3   | Reached skill level 10 in Shields
 14420 | Lair:3   | Identified a scroll of acquirement
 14466 | Lair:3   | Noticed a seven-headed hydra
 14474 | Lair:3   | Killed a seven-headed hydra
 14475 | Lair:3   | Reached skill level 10 in Polearms
 15148 | Lair:4   | Noticed a catoblepas
 15154 | Lair:4   | Killed a catoblepas
 15219 | Lair:4   | Noticed a catoblepas
 15244 | Lair:4   | Killed a catoblepas
 15324 | Lair:4   | Noticed a four-headed hydra
 15334 | Lair:4   | Killed a four-headed hydra
 15405 | Lair:4   | Noticed a death yak
 15412 | Lair:4   | Noticed a death yak
 15412 | Lair:4   | Noticed a death yak
 15418 | Lair:4   | Killed a death yak
 15419 | Lair:4   | Noticed a death yak
 15419 | Lair:4   | Noticed a death yak
 15419 | Lair:4   | Noticed a death yak
 15449 | Lair:4   | Killed a death yak
 15450 | Lair:4   | Reached XP level 13. HP: 42/116 MP: 12/12
 16552 | Lair:5   | Entered Level 5 of the Lair of Beasts
 16771 | Lair:5   | Found a staircase to the Slime Pits.
 17224 | Lair:5   | Paralysed by a hornet for 2 turns
 17929 | Lair:5   | Received a gift from Trog
 18180 | Lair:5   | Reached skill level 5 in Dodging
 18716 | D:4      | Bought a potion of curing for 30 gold pieces
 18716 | D:4      | Bought a potion of mutation for 80 gold pieces
 18716 | D:4      | Bought a potion of magic for 80 gold pieces
 18716 | D:4      | Bought a potion of flight for 30 gold pieces
 18716 | D:4      | Bought a potion of haste for 100 gold pieces
 18716 | D:4      | Bought a potion of heal wounds for 50 gold pieces
 18803 | D:1      | Bought a scroll of enchant armour for 105 gold pieces
 18803 | D:1      | Bought a ring of willpower for 350 gold pieces
 18803 | D:1      | Bought a potion of might for 56 gold pieces
 18803 | D:1      | Bought a wand of flame (9) for 88 gold pieces
 19032 | D:10     | Reached XP level 14. HP: 127/127 MP: 13/13
 19343 | D:11     | Found Yntuumu's Weapon Shoppe.
 19632 | D:12     | Noticed Snorg
 19657 | D:12     | Killed Snorg
 20569 | Orc:1    | Entered Level 1 of the Orcish Mines
 20569 | Orc:1    | Found Sumezxo's Armour Boutique.
 20979 | Orc:1    | Found a burning altar of Makhleb.
 21013 | Orc:2    | Entered Level 2 of the Orcish Mines
 21186 | Orc:2    | Reached ****** piety under Trog
 21274 | Orc:2    | Found Vireu's General Store.
 21320 | Orc:2    | Bought a +0 cloak of stealth for 184 gold pieces
 21455 | Orc:2    | Found a staircase to the Elven Halls.
 21596 | Orc:2    | Found Iffob's Book Emporium.
 21596 | Orc:2    | Found Dobok's Jewellery Shop.
 21598 | Orc:2    | Found Amimerph's Assorted Antiques.
 21600 | Orc:2    | Found Kengiuteo's Distillery.
 21657 | Orc:2    | Received a gift from Trog
 21942 | Orc:2    | Upgraded the game from 0.30-a0-808-g6e0788376e to
                  | 0.30-a0-824-g6c64550be9
 22416 | D:13     | Reached skill level 15 in Shields
 22808 | D:13     | Found a gate to the Vaults.
 23154 | D:13     | Noticed Jorgrun
 23168 | D:13     | Killed Jorgrun
 23354 | D:13     | Found Voruw's Antique Armour Emporium.
 23688 | D:14     | Reached XP level 15. HP: 138/138 MP: 14/14
 23742 | D:14     | Found Xootew's Magic Scroll Shop.
 23746 | D:14     | Found Vaabuyp's Weapon Shoppe.
 23750 | D:14     | Bought a scroll of fear for 52 gold pieces
 23750 | D:14     | Bought a scroll of magic mapping for 97 gold pieces
 23750 | D:14     | Bought a scroll of magic mapping for 97 gold pieces
 23750 | D:14     | Bought a scroll of identify for 26 gold pieces
 23750 | D:14     | Bought a scroll of identify for 26 gold pieces
 23750 | D:14     | Bought a scroll of teleportation for 39 gold pieces
 23750 | D:14     | Bought a scroll of identify for 26 gold pieces
 23801 | D:14     | Found Kasuh's Assorted Antiques.
 23958 | D:14     | Received a gift from Trog
 24110 | D:14     | Found Noudeleh's Antique Armour Shoppe.
 24296 | D:14     | Noticed Frances
 24309 | D:14     | Killed Frances
 24310 | D:14     | Reached skill level 15 in Armour
 24357 | D:14     | Found Vugiteza's Antique Armour Shoppe.
 24553 | D:14     | Bought a runed cloak for 165 gold pieces
 24576 | D:14     | Bought a runed cloak for 307 gold pieces
 24596 | D:15     | Entered Level 15 of the Dungeon
 24655 | D:15     | Paralysed by something for 4 turns
 25242 | D:15     | Reached skill level 15 in Fighting
 25329 | D:15     | Found a staircase to the Depths.
 25449 | D:15     | Acquired the +5 ring mail "Sobiti Fonu" {rElec Dex+3}
 25789 | Spider:1 | Entered Level 1 of the Spider Nest
 25847 | Spider:1 | Received a gift from Trog
 25995 | Spider:1 | Reached skill level 10 in Dodging
 26188 | Spider:1 | Found a transporter.
 26416 | Spider:1 | Found a corrupted altar of Lugonu.
 26569 | Spider:1 | Found a one-way gate to the infinite horrors of the Abyss.
 26611 | Spider:1 | Found a transporter.
 27152 | Spider:1 | Reached XP level 16. HP: 144/149 MP: 15/15
 27679 | Spider:2 | HP: 5/150 [steelbarb worm[a torpor snail] (15)]
 27679 | Spider:2 | HP: 1/150 [radroach (4)]
 27679 | Spider:2 | Slain by a radroach

Illustrated notes

Levels and vault maps discovered:
D:1:      evilmike_arrival_crescent, layout_rooms, serial_forest,
          infiniplex_forest_lined_2, infiniplex_forest_lined_room_2,
          infiniplex_forest_end_2, infiniplex_forest_clump_small,
          infiniplex_forest_straight_3, infiniplex_forest_lined_4_way,
          serial_shops, shop, nicolae_kite_square_tiling_tiny,
          minmay_gold_behind_fungi
D:2:      minmay_wonky_spiral, layout_loops_ring, serial_bayou,
          serial_bayou_pond_c, serial_bayou_pond_d, serial_bayou_pond_e,
          serial_bayou_crossing
D:3:      layout_basic, nicolae_vehumet_altar_sigil, saegor_snake_ambush,
          uniq_natasha
D:4:      layout_basic, serial_shops, nicolae_stop_n_shop_2,
          minmay_misc_feat_enclosed
D:5:      layout_gridville, lemuel_round_altar, minmay_temple_entry_grid,
          dk_noncrumbling_3, kennysheep_generic_room_9, uniq_pikel
D:6:      layout_basic, kennysheep_mini, nicolae_hexahallways, uniq_edmund
D:7:      layout_rooms
D:8:      layout_gridville, david_lair_generic, nicolae_two_hexagons,
          minmay_misc_feat_tiny, uniq_maurice
D:9:      layout_roguey, hiddenorc1_lemuel, amcnicky_mini_corridor_feature,
          uniq_maggie, uniq_joseph
D:10:     layout_basic, uniq_erolcha
D:11:     layout_rooms, serial_shops, nicolae_shop_bloodbath_and_beyond,
          kennysheep_generic_room_4
D:12:     layout_loops_cross, serial_aquarium, aquarium_bridge_straight
          [aquarium_subvault_bridge, aquarium_subvault_window,
          aquarium_subvault_bridge, aquarium_subvault_window],
          aquarium_bridge_square [aquarium_subvault_wall,
          aquarium_subvault_wall, aquarium_subvault_bridge,
          aquarium_subvault_bridge], aquarium_window_fake, aquarium_window_1,
          aquarium_window_fake, aquarium_window_corridor_2, aquarium_view_2e,
          aquarium_view_2b, aquarium_balcony_double_1, aquarium_pool_1,
          uniq_snorg
D:13:     layout_long_grid, erik_vaults_2, serial_shops,
          nicolae_shop_hallway_plus, uniq_jorgrun
D:14:     layout_long_grid, serial_shops, kennysheep_mini_moat,
          nicolae_shop_window_shopping, shop, shop, shop_statue,
          minmay_misc_feat_iff, grunt_ministairs_4, uniq_frances
D:15:     gammafunk_enter_depths_forms, layout_rooms, serial_park_avenue1,
          einodemon_barbed_minivault
Lair:1:   layout_roguey, special_room [special_room_bee],
          chequers_serial_rivers_small_a
Lair:2:   layout_hall_layers, elwin_shoals_entry_rooms, spider_nest_entry_webs,
          chequers_serial_rivers_large_b
Lair:3:   nzn_winding_woodlands_cross [nzn_winding_woodlands_5x15_garden,
          nzn_winding_woodlands_5x15_crooked, nzn_winding_woodlands_5x15_pool,
          nzn_winding_woodlands_5x15_longhouse,
          nzn_winding_woodlands_15x15_eel_pit], layout_cave_pods,
          chequers_serial_rivers_room_a, lemuel_fruit_fields, uniq_urug
Lair:4:   layout_cave_pods, lemuel_fruit_tree, lemuel_fruit_fields,
          serial_bayou_shore_a
Lair:5:   minmay_lair_end_enchanted_forest, layout_regular_city,
          minmay_slime_entry_oklob_enclosed, infiniplex_staircase_pool_2,
          grunt_megastairs_2
Spider:1: gammafunk_boulding_lane, amcnicky_altar_lugonu_corruption
Spider:2: layout_cave_pods
Orc:1:    layout_caves, serial_shops, nicolae_shop_crystal,
          hangedman_feature_mirror
Orc:2:    st_orc_rangers, layout_diamond_mine, serial_shops, shop_statue

Skill      XL: |  1  2  3  4  5  6  7  8  9 10 11 12 13 14 15 |
---------------+----------------------------------------------+-----
Fighting       | 4 5 6 7 8 10 11 12 14 15 | 15.7
Axes           | 4 5 6 7 8 10 11 12 13 | 13.0
Armour         | 4 6 8 10 11 13 14 16 | 16.2
Shields        | 4 6 9 10 13 15 16 | 16.7
Evocations     | 3 5 6 |  6.0
Polearms       | 7 11 | 11.4
Dodging        | 5 8 10 | 10.5

Action                     |  1- 3 |  4- 6 |  7- 9 | 10-12 | 13-15 | 16-18 || total
---------------------------+-------+-------+-------+-------+-------+-------++-------
  Melee: Hand axe          |    89 |   122 |   267 |    67 |       |       ||   545
         Headbutt          |     8 |    23 |    57 |   151 |   466 |    16 ||   721
         Punch             |     2 |     1 |       |       |       |       ||     3
         Broad axe         |       |       |       |   146 |       |       ||   146
         Demon trident     |       |       |       |   540 |  1692 |    54 ||  2286
 Invoke: Berserk           |     2 |     5 |     7 |    13 |     8 |     1 ||    36
         Trog's Hand       |       |       |       |     2 |     1 |       ||     3
         Brothers in Arms  |       |       |       |       |       |     1 ||     1
  Evoke: Wand              |       |       |       |     7 |     1 |       ||     8
    Use: Scroll            |       |     8 |     6 |    12 |    12 |       ||    38
         Potion            |       |       |       |     4 |     4 |     2 ||    10
   Stab: Sleeping          |     3 |       |       |       |       |       ||     3
         Petrified         |       |       |       |       |     5 |       ||     5
 Armour: Animal skin       |    13 |       |       |       |       |       ||    13
         Leather armour    |    11 |    37 |       |       |       |       ||    48
         Chain mail        |       |     9 |   135 |    23 |       |       ||   167
         Plate armour      |       |       |       |   303 |   508 |       ||   811
         Ring mail         |       |       |       |       |   102 |    38 ||   140
  Dodge: Dodged            |    38 |    72 |    54 |   121 |   421 |    28 ||   734
  Block: Tower shield      |       |       |    66 |   575 |  1426 |    48 ||  2115

Table legend: (Time is in decaauts)
 A = Elapsed time spent in this place.
 B = Non-inter-level travel time spent in this place.
 C = Inter-level travel time spent in this place.
 D = Time resting spent in this place.
 E = Time spent auto-exploring this place.
 F = Levels seen in this place.
 G = Mean time per level.
                   A        B        C        D        E       F      G
               +--------+--------+--------+--------+--------+-----+--------+
         Total |  27852 |  25672 |   2180 |   3284 |  16730 |  25 | 1114.1 |
       Dungeon |  16190 |  14638 |   1552 |   1677 |  10014 |  15 | 1079.3 |
          Lair |   8281 |   7927 |    354 |   1084 |   5042 |   5 | 1656.2 |
   Spider Nest |   1846 |   1741 |    105 |    522 |    774 |   2 |  923.0 |
  Orcish Mines |   1476 |   1309 |    167 |      0 |    899 |   2 |  738.0 |
         Abyss |     58 |     58 |      0 |      0 |      0 |   1 |   58.0 |
               +--------+--------+--------+--------+--------+-----+--------+

Top non-repeatable levels by time:
  Lair:5: 1948 daAuts
Spider:1: 1833 daAuts
     D:9: 1827 daAuts
  Lair:3: 1693 daAuts
  Lair:2: 1622 daAuts
    D:10: 1612 daAuts
  Lair:1: 1567 daAuts
  Lair:4: 1450 daAuts
    D:13: 1406 daAuts
     D:8: 1274 daAuts
     D:5: 1208 daAuts
     D:6: 1069 daAuts
     D:4: 1039 daAuts
   Orc:2: 1039 daAuts
    D:12: 1024 daAuts
